 Dungeon Crawl Stone Soup version 0.19-a0-1899-g2d93087 (webtiles) character file.

19 dobroeutro the Bolt Thrower (level 2, 0/23 HPs)
             Began as a Formicid Hunter on Oct 19, 2016.
             Slain by a hobgoblin (3 damage)
             ... on level 1 of the Dungeon.
             The game lasted 00:01:13 (623 turns).

dobroeutro the Bolt Thrower (Formicid Hunter)        Turns: 623, Time: 00:01:14

Health: 0/23       AC:  5    Str: 16    XL:     2   Next: 95%
Magic:  2/2        EV:  9    Int: 10    God:
Gold:   0          SH:  7    Dex: 11    Spells: 0 memorised, 1 level left

rFire  . . .     SeeInvis +     a - +1 hand crossbow
rCold  . . .     Gourm    .     c - +0 leather armour
rNeg   . . .     Faith    .     k - +0 shield
rPois  .         Spirit   .     (helmet unavailable)
rElec  .         Reflect  .     (no cloak)
rCorr  .         Harm     .     h - +1 pair of gloves
MR     .....                    (no boots)
Stlth  +.........               (no amulet)
                                (no ring)
                                (no ring)

@: no status effects
A: permanent stasis, dig shafts and tunnels, four strong arms, antennae 3
a: Dig, Shaft Self


You were on level 1 of the Dungeon.
You were not hungry.

You visited 1 branch of the dungeon, and saw 1 of its levels.

Inventory:

Hand Weapons
 a - a +1 hand crossbow (weapon)
 b - a +0 short sword
Missiles
 d - 14 bolts (quivered)
Armour
 c - a +0 leather armour (worn)
 h - a +1 pair of gloves (worn)
 k - a +0 shield (worn)
Scrolls
 e - a scroll of identify {unknown}
 j - a scroll of random uselessness {unknown}
Potions
 g - a potion of might {unknown}
 i - 2 potions of heal wounds {unknown}
Comestibles
 f - a bread ration


   Skills:
 + Level 2.7 Fighting
 + Level 4.3 Crossbows
 - Level 1.7 Dodging
 - Level 1.2 Stealth
 + Level 1.0 Shields


You had one spell level left.
You didn't know any spells.

Dungeon Overview and Level Annotations

Branches:
Dungeon (1/15)

Altars:


Innate Abilities, Weirdness & Mutations

You are under a permanent stasis effect.
You can dig through walls and to a lower floor.
Your four strong arms can wield two-handed weapons with a shield.
You have a pair of large antennae on your head. (SInv)


Message History

Firing (i - inventory):
d - 17 bolts (quivered)
Press: ? - help, Shift-Dir - straight line, f/p - hobgoblin
Aim: a hobgoblin You shoot a bolt.
The bolt hits the hobgoblin.
The hobgoblin is moderately wounded.
You block the hobgoblin's attack.
Firing (i - inventory):
d - 16 bolts (quivered)
Press: ? - help, Shift-Dir - straight line, f/p - hobgoblin
Aim: a hobgoblin (moderately wounded)
You shoot a bolt. The bolt barely misses the hobgoblin.
The bolt hits the goblin!
You kill the goblin!
Your Shields skill increases to level 1!
The hobgoblin closely misses you. The hobgoblin hits you.
* * * LOW HITPOINT WARNING * * *
Firing (i - inventory):
d - 15 bolts (quivered)
Press: ? - help, Shift-Dir - straight line, f/p - hobgoblin
Aim: a hobgoblin (moderately wounded)
You shoot a bolt. The bolt barely misses the hobgoblin.
The hobgoblin hits you.
You die...

###....# #.......>..
#####...##.##$# #..........
...)..####.##.# #..........
.###### #.##.# #..........
.#########.##.########..........
...)...)................>).....#
##########....### ##.(......#
..###....########((........
...........>@g((((((...[....
...##......#######.>........ #
##.....# #.......... #.......
........... #....####
###.)......# #....# ##......##
###### #######


You could see a hobgoblin.

Vanquished Creatures
  A gnoll (D:1)
  A leopard gecko (D:1)
  3 goblins (D:1)
  A hobgoblin (D:1)
  2 kobolds (D:1)
  2 rats (D:1)
10 creatures vanquished.

Notes
Turn   | Place    | Note
-------+----------+-------------------------------------------
     0 | D:1      | dobroeutro the Formicid Hunter began the quest for the Orb.
     0 | D:1      | Reached XP level 1. HP: 16/16 MP: 1/1
   572 | D:1      | Reached XP level 2. HP: 23/23 MP: 2/2
   622 | D:1      | Reached skill level 1 in Shields
   623 | D:1      | Slain by a hobgoblin

Vault maps used:
D:1:      dpeg_arrival_round_c

Skill      XL: |  1  2 |
---------------+-------+-----
Shields        | 1 |  1.0
Fighting       | |  2.7
Crossbows      | |  4.3
Dodging        | |  1.7
Stealth        | |  1.2

Action                   || total
-------------------------++-------
Melee: Short sword       ||    50
 Fire: Hand crossbow     ||     7
Armor: Leather armour    ||    21
Dodge: Dodged            ||    25
Block: Shield            ||    14
